MLB
KANSAS CITY ROYALS @ OAKLAND ATHLETICS
07/14/2099
 
TOP OF THE 1ST
Kansas City Royals batting - Pitching for Oakland Athletics : RHP David Pearson
Pitching: RHP David Pearson
Batting: LHB Tony Monterosa 0-0: Ball
1-0: Called Strike
1-1: Foul Ball, location: 2F
1-2: Fly out, F8 (Flyball, 78S, EV 87.5 MPH)
Batting: RHB Kevin Stark 0-0: Ball
1-0: Fly out, F9 (Flyball, 9, EV 80.6 MPH)
Batting: RHB Alex Rios 0-0: Called Strike
0-1: Ball
1-1: Ball
2-1: Ball
3-1: Foul Ball, location: 3F
3-2: Base on Balls
Batting: RHB Jordan Baeza 0-0: Called Strike
0-1: Called Strike
0-2: Ball
1-2: Ball
2-2: Ground out 6-3 (Groundball, P, EV 87.5 MPH)
Top of the 1st over - 0 runs, 0 hits, 0 errors, 1 left on base; Kansas City 0 - Oakland 0
BOTTOM OF THE 1ST
Oakland Athletics batting - Pitching for Kansas City Royals : RHP Javon Bolton
Pitching: RHP Javon Bolton
Batting: LHB Ryan Tipton 0-0: Ball
1-0: SINGLE (Line Drive, 89M, EV 90.6 MPH)
Batting: RHB Joey George 0-0: Ball
1-0: SINGLE (Groundball, 6D, EV 100.0 MPH)
Ryan Tipton to second
Batting: LHB Pat Wilson 0-0: Called Strike
0-1: Fly out, F9 (Line Drive, 89S, EV 96.9 MPH)
Batting: LHB Ivan Suarez 0-0: Swinging Strike
0-1: Fly out, F9 (Flyball, 9, EV 81.9 MPH)
Batting: LHB Steve Tocci 0-0: Called Strike
0-1: Hit by Pitch
Ryan Tipton to third
Joey George to second
Batting: RHB Ryan Taylor 0-0: Ground out 5-3 (Groundball, 5S, EV 93.1 MPH)
Bottom of the 1st over - 0 runs, 2 hits, 0 errors, 3 left on base; Kansas City 0 - Oakland 0
TOP OF THE 2ND
Kansas City Royals batting - Pitching for Oakland Athletics : RHP David Pearson
Batting: LHB Jorge Castillo 0-0: Ball
1-0: Ball
2-0: Swinging Strike
2-1: Ball
3-1: Foul Ball, location: 3FF
3-2: SINGLE (Groundball, 6D, EV 99.4 MPH)
Batting: SHB Bobby Noriega 0-0: Ball
1-0: Ball
2-0: Ball
3-0: Base on Balls
Jorge Castillo to second
Batting: LHB Danny Bonilla 0-0: Ball
1-0: SINGLE (Line Drive, 78S, EV 105.0 MPH)
Jorge Castillo to third
Bobby Noriega to second
Batting: RHB Bobby Sells 0-0: Ball
1-0: Swinging Strike
1-1: DOUBLE (Line Drive, 7LM, EV 104.4 MPH)
Jorge Castillo scores
Bobby Noriega scores
Danny Bonilla to third
Batting: LHB Bill Goss 0-0: Ball
Wild Pitch!
Danny Bonilla scores
Bobby Sells to third
1-0: Fly out, F7 (Flyball, 78S, EV 89.4 MPH)
Runner from 3rd tags up, OUT at HOME! 7-2
Batting: LHB Tony Monterosa 0-0: Ball
1-0: Called Strike
1-1: Foul Ball, location: 7LSF
1-2: Strikes out swinging
Top of the 2nd over - 3 runs, 3 hits, 0 errors, 0 left on base; Kansas City 3 - Oakland 0
BOTTOM OF THE 2ND
Oakland Athletics batting - Pitching for Kansas City Royals : RHP Javon Bolton
Batting: RHB David Reichel 0-0: Called Strike
0-1: Called Strike
0-2: Ball
1-2: Ground out U3 (Groundball, 13, EV 78.8 MPH)
Batting: RHB Corey Springer 0-0: Ball
1-0: Called Strike
1-1: Foul Ball, location: 9LMFF
1-2: Ball
2-2: Ball
3-2: Base on Balls
Pitching: RHP Justin Miller
Batting: RHB Tom Karr 0-0: Called Strike
0-1: Foul Ball, location: 2F
0-2: Ball
1-2: Ball
2-2: Strikes out looking
Batting: LHB Ryan Tipton 0-0: Swinging Strike
0-1: Called Strike
0-2: Foul Ball, location: 2F
0-2: Ground out 4-3 (Groundball, 4, EV 77.5 MPH)
Bottom of the 2nd over - 0 runs, 0 hits, 0 errors, 1 left on base; Kansas City 3 - Oakland 0
TOP OF THE 3RD
Kansas City Royals batting - Pitching for Oakland Athletics : RHP David Pearson
Batting: RHB Kevin Stark 0-0: Swinging Strike
0-1: Ball
1-1: Ball
2-1: Swinging Strike
2-2: Fly out, F9 (Flyball, 89M, EV 86.9 MPH)
Batting: RHB Alex Rios 0-0: Fly out, F7 (Flyball, 7LS, EV 88.8 MPH)
Batting: RHB Jordan Baeza 0-0: Called Strike
0-1: Ball
1-1: Ball
2-1: Called Strike
2-2: Foul Ball, location: 5SF
2-2: Foul Ball, location: 23FF
2-2: Foul Ball, location: 2F
2-2: Ball
3-2: Fly out, F7 (Line Drive, 78M, EV 90.0 MPH)
Top of the 3rd over - 0 runs, 0 hits, 0 errors, 0 left on base; Kansas City 3 - Oakland 0
BOTTOM OF THE 3RD
Oakland Athletics batting - Pitching for Kansas City Royals : RHP Justin Miller
Batting: RHB Joey George 0-0: Called Strike
0-1: Foul Ball, location: 3F
0-2: Ground out U3 (Groundball, 3S, EV 84.4 MPH)
Batting: LHB Pat Wilson 0-0: Called Strike
0-1: Fly out, F9 (Flyball, 89M, EV 98.8 MPH)
Batting: LHB Ivan Suarez 0-0: Ball
1-0: Swinging Strike
1-1: Ball
2-1: SOLO HOME RUN (Flyball, 89XD, EV 100.0 MPH), Distance : 395 ft
Batting: LHB Steve Tocci 0-0: Ball
1-0: SOLO HOME RUN (Flyball, 89XD, EV 104.4 MPH), Distance : 413 ft
Batting: RHB Ryan Taylor 0-0: Ball
1-0: SINGLE (Groundball, 4MD, EV 100.0 MPH)
Batting: RHB David Reichel 0-0: Called Strike
0-1: Fielders Choice at 2nd, 6-4 (Groundball, 6, EV 98.8 MPH)
Bottom of the 3rd over - 2 runs, 3 hits, 0 errors, 1 left on base; Kansas City 3 - Oakland 2
TOP OF THE 4TH
Kansas City Royals batting - Pitching for Oakland Athletics : RHP David Pearson
Batting: LHB Jorge Castillo 0-0: Ball
1-0: Ball
2-0: Called Strike
2-1: Ground out 6-3 (Groundball, 6, EV 98.1 MPH)
Batting: SHB Bobby Noriega 0-0: Ball
1-0: Ball
2-0: Foul Ball, location: 2F
2-1: Called Strike
2-2: Ball
3-2: Foul Ball, location: 5DF
3-2: Ground out 6-3 (Groundball, 4M, EV 98.1 MPH)
Batting: LHB Danny Bonilla 0-0: Called Strike
0-1: Ball
1-1: Swinging Strike
1-2: Strikes out swinging
Top of the 4th over - 0 runs, 0 hits, 0 errors, 0 left on base; Kansas City 3 - Oakland 2
BOTTOM OF THE 4TH
Oakland Athletics batting - Pitching for Kansas City Royals : RHP Justin Miller
Batting: RHB Corey Springer 0-0: Foul Ball, location: 2F
0-1: Called Strike
0-2: Foul Ball, location: 2F
0-2: Fly out, F9 (Line Drive, 9S, EV 94.4 MPH)
Batting: RHB Tom Karr 0-0: Foul Ball, location: 2LF
0-1: Called Strike
0-2: Ball
1-2: Strikes out swinging
Batting: LHB Ryan Tipton 0-0: Ground out 4-3 (Groundball, 4, EV 86.9 MPH)
Bottom of the 4th over - 0 runs, 0 hits, 0 errors, 0 left on base; Kansas City 3 - Oakland 2
TOP OF THE 5TH
Kansas City Royals batting - Pitching for Oakland Athletics : RHP David Pearson
Batting: RHB Bobby Sells 0-0: Called Strike
0-1: Ball
1-1: Called Strike
1-2: Foul Ball, location: 2F
1-2: Foul Ball, location: 2F
1-2: Ball
2-2: Strikes out swinging
Batting: LHB Bill Goss 0-0: Called Strike
0-1: Swinging Strike
0-2: Ball
1-2: Strikes out swinging
Batting: LHB Tony Monterosa 0-0: Called Strike
0-1: Ball
1-1: Called Strike
1-2: Ground out U3 (Groundball, 3, EV 103.8 MPH)
Top of the 5th over - 0 runs, 0 hits, 0 errors, 0 left on base; Kansas City 3 - Oakland 2
BOTTOM OF THE 5TH
Oakland Athletics batting - Pitching for Kansas City Royals : RHP Justin Miller
Batting: RHB Joey George 0-0: Ground out 6-3 (Groundball, 6, EV 89.4 MPH)
Batting: LHB Pat Wilson 0-0: Ball
1-0: Called Strike
1-1: Fly out, F3 (Popup, 34, EV 81.3 MPH)
Batting: LHB Ivan Suarez 0-0: Called Strike
0-1: Foul Ball, location: 25F
0-2: Fly out, F9 (Line Drive, 9, EV 95.0 MPH)
Bottom of the 5th over - 0 runs, 0 hits, 0 errors, 0 left on base; Kansas City 3 - Oakland 2
TOP OF THE 6TH
Kansas City Royals batting - Pitching for Oakland Athletics : RHP David Pearson
Batting: RHB Kevin Stark 0-0: Foul Ball, location: 2F
0-1: Swinging Strike
0-2: Ball
1-2: Strikes out looking
Batting: RHB Alex Rios 0-0: Fly out, F8 (Flyball, 8LM, EV 91.3 MPH)
Batting: RHB Jordan Baeza 0-0: Called Strike
0-1: Ball
1-1: Ball
2-1: Fly out, F9 (Flyball, 9LD, EV 101.9 MPH)
Top of the 6th over - 0 runs, 0 hits, 0 errors, 0 left on base; Kansas City 3 - Oakland 2
BOTTOM OF THE 6TH
Oakland Athletics batting - Pitching for Kansas City Royals : RHP Justin Miller
Batting: LHB Steve Tocci 0-0: Ball
1-0: Foul Ball, location: 25F
1-1: Foul Ball, location: 2F
1-2: Ball
2-2: Fly out, F4 (Line Drive, 4, EV 74.4 MPH)
Pitching: RHP Pat Teague
Batting: RHB Ryan Taylor 0-0: Called Strike
0-1: Foul Ball, location: 3F
0-2: Foul Ball, location: 7LMF
0-2: Ball
1-2: Ball
2-2: Strikes out swinging
Pinch Hitting: RHB Randy Fowler 0-0: Called Strike
0-1: Ball
1-1: Ball
2-1: DOUBLE (Line Drive, 78D, EV 104.4 MPH)
Batting: RHB Corey Springer 0-0: Ball
1-0: Foul Ball, location: 25F
1-1: Ball
2-1: Ball
3-1: Foul Ball, location: 5FF
3-2: Ground out 6-3 (Groundball, 6, EV 81.9 MPH)
Bottom of the 6th over - 0 runs, 1 hit, 0 errors, 1 left on base; Kansas City 3 - Oakland 2
TOP OF THE 7TH
Kansas City Royals batting - Pitching for Oakland Athletics : RHP David Pearson
Now at 2B: Randy Fowler
Now at SS: Ryan Taylor
Batting: LHB Jorge Castillo 0-0: Called Strike
0-1: Called Strike
0-2: Foul Ball, location: 7LMF
0-2: Ball
1-2: Foul Ball, location: 5SF
1-2: Fly out, F4 (Popup, 34D, EV 58.1 MPH)
Batting: SHB Bobby Noriega 0-0: Ball
1-0: Ball
2-0: Called Strike
2-1: Swinging Strike
2-2: Ball
3-2: Base on Balls
Batting: LHB Danny Bonilla 0-0: Called Strike
0-1: Foul Ball, location: 23F
0-2: Ball
Bobby Noriega steals 2nd base
1-2: Foul Ball, location: 2F
1-2: Fly out, F8 (Flyball, 8LM, EV 84.4 MPH)
Pitching: RHP Dylan Mayes
Batting: RHB Bobby Sells 0-0: Swinging Strike
0-1: Swinging Strike
0-2: Ball
1-2: Strikes out swinging
Top of the 7th over - 0 runs, 0 hits, 0 errors, 1 left on base; Kansas City 3 - Oakland 2
BOTTOM OF THE 7TH
Oakland Athletics batting - Pitching for Kansas City Royals : RHP Pat Teague
Batting: RHB Tom Karr 0-0: Ball
1-0: Ground out 4-3 (Groundball, 34, EV 96.3 MPH)
Batting: LHB Ryan Tipton 0-0: Ball
1-0: Ball
2-0: Fly out, F6 (Popup, 6, EV 56.3 MPH)
Batting: RHB Joey George 0-0: Ball
1-0: Ball
2-0: DOUBLE (Flyball, 78D, EV 106.3 MPH)
Pitching: LHP Angelo Castillo
Batting: LHB Pat Wilson 0-0: Foul Ball, location: 23F
0-1: Swinging Strike
0-2: SINGLE (Groundball, 4MD, EV 103.1 MPH)
Joey George to third
Runner from 3rd tries for Home, SAFE, throw by CF to home
Batting: LHB Ivan Suarez 0-0: Called Strike
0-1: SINGLE (Flyball, 78S, EV 93.8 MPH)
Pat Wilson to second
Pinch Runner at 2nd Kyle O'Connor:
Batting: LHB Steve Tocci 0-0: Ball
1-0: Ball
2-0: Ball
3-0: Base on Balls
Kyle O'Connor to third
Ivan Suarez to second
Batting: RHB Ryan Taylor 0-0: Fly out, F5 (Popup, 5SF, EV 85.6 MPH)
Bottom of the 7th over - 1 run, 3 hits, 0 errors, 3 left on base; Kansas City 3 - Oakland 3
TOP OF THE 8TH
Kansas City Royals batting - Pitching for Oakland Athletics : RHP Dylan Mayes
Pitching: LHP Justin Thomas
Now at 1B: Kyle O'Connor
Batting: LHB Bill Goss 0-0: Ball
1-0: Ground out 5-3 (Groundball, 5S, EV 76.9 MPH)
Pinch Hitting: RHB Trent Poynter 0-0: Ball
1-0: Foul Ball, location: 5F
1-1: Ball
2-1: Called Strike
2-2: Ground out 3-1 (Groundball, 34S, EV 86.9 MPH)
Batting: RHB Kevin Stark 0-0: Called Strike
0-1: Swinging Strike
0-2: Strikes out swinging
Top of the 8th over - 0 runs, 0 hits, 0 errors, 0 left on base; Kansas City 3 - Oakland 3
BOTTOM OF THE 8TH
Oakland Athletics batting - Pitching for Kansas City Royals : LHP Angelo Castillo
Pitching: LHP B.J. Edwards
Now in CF: Bobby Noriega
Now in RF: Trent Poynter
Batting: RHB Randy Fowler 0-0: Called Strike
0-1: Fly out, F8 (Flyball, 8LM, EV 86.9 MPH)
Batting: RHB Corey Springer 0-0: Called Strike
0-1: SINGLE (Groundball, 34D, EV 101.3 MPH)
Batting: RHB Tom Karr 0-0: Called Strike
0-1: Foul Ball, location: 2F
0-2: Ball
1-2: Foul Ball, location: 2F
1-2: Strikes out swinging
Batting: LHB Ryan Tipton 0-0: Foul Ball, location: 3F
0-1: Ball
1-1: Ball
2-1: Ball
3-1: Called Strike
3-2: Ground out 4-3 (Groundball, 4, EV 108.8 MPH)
Bottom of the 8th over - 0 runs, 1 hit, 0 errors, 1 left on base; Kansas City 3 - Oakland 3
TOP OF THE 9TH
Kansas City Royals batting - Pitching for Oakland Athletics : LHP Justin Thomas
Pitching: RHP Ken Iddiols
Batting: RHB Alex Rios 0-0: Ball
1-0: Called Strike
1-1: Ball
2-1: Reached via error on a dropped throw from SS, E3 (Groundball, 6, EV 108.1 MPH)
Batting: RHB Jordan Baeza 0-0: Swinging Strike
0-1: Foul Ball, location: 2F
0-2: Foul Ball, location: 2F
0-2: Foul Ball, location: 3FF
0-2: Fly out, F9 (Flyball, 89M, EV 79.4 MPH)
Batting: LHB Jorge Castillo 0-0: Ball
1-0: Fly out, F4 (Popup, 4, EV 60.6 MPH)
Batting: SHB Bobby Noriega 0-0: Ball
1-0: Foul Ball, location: 7LDF
1-1: Ball
2-1: 2-RUN HOME RUN (Flyball, 9LD, EV 96.3 MPH), Distance : 358 ft
Batting: LHB Danny Bonilla 0-0: Called Strike
0-1: Foul Ball, location: 2F
0-2: Ball
1-2: Foul Ball, location: 3F
1-2: Strikes out looking
Top of the 9th over - 2 runs, 1 hit, 1 error, 0 left on base; Kansas City 5 - Oakland 3
BOTTOM OF THE 9TH
Oakland Athletics batting - Pitching for Kansas City Royals : LHP B.J. Edwards
Batting: RHB Joey George 0-0: Ball
1-0: Called Strike
1-1: Ground out 4-3 (Groundball, 4, EV 85.6 MPH)
Pinch Hitting: RHB Ben Celeste 0-0: Called Strike
0-1: Ball
1-1: Ball
2-1: Ground out 5-3 (Groundball, 56S, EV 91.3 MPH)
Batting: LHB Ivan Suarez 0-0: Called Strike
0-1: Ground out 4-3 (Groundball, 4, EV 85.0 MPH)
Bottom of the 9th over - 0 runs, 0 hits, 0 errors, 0 left on base; Kansas City 5 - Oakland 3
Saturday, May 11th , 2024 - OOTP Baseball 24.11 Build 85